 Dungeon Crawl Stone Soup version 0.21.0-24-g2553a33 (webtiles) character file.

91 tidbits the Grappler (level 4, 32/32 HPs)
             Began as a Gnoll Wanderer on Jan 19, 2018.
             Quit the game on level 4 of the Dungeon.
             The game lasted 00:06:31 (913 turns).

tidbits the Grappler (Gnoll Wanderer)                Turns: 913, Time: 00:06:32

Health: 32/32      AC:  5    Str: 14    XL:     4   Next: 57%
Magic:  8/8        EV: 11    Int: 17    God:
Gold:   142        SH:  0    Dex: 13    Spells: 9/9 levels left

rFire    . . .     SeeInvis .     - Unarmed
rCold    . . .     Gourm    .   (no shield)
rNeg     . . .     Faith    .   w - -2 ring mail (curse)
rPois    .         Spirit   +   (no helmet)
rElec    .         Reflect  .   C - +1 cloak
rCorr    .         Harm     .   (no gloves)
MR       .....                  (no boots)
Stlth    +.........             m - amulet of guardian spirit
HPRegen  0.10/turn              (no ring)
MPRegen  0.11/turn              (no ring)

@: no status effects
A: distributed training, fangs 1, strong nose
a: no special abilities


You were on level 4 of the Dungeon.
You were not hungry.

You visited 1 branch of the dungeon, and saw 5 of its levels.

You collected 142 gold pieces.

Inventory:

Hand Weapons
 f - a +0 quarterstaff
 j - a +0 short sword
 l - a +2 dagger of venom
   (You found it on level 2 of the Dungeon)
Missiles
 p - 8 tomahawks (quivered)
 r - 14 sling bullets
Armour
 n - a +0 scale mail
 w - a cursed -2 ring mail (worn)
 B - a +0 ring mail
 C - a +1 cloak (worn)
Jewellery
 m - an amulet of guardian spirit (around neck)
   (You found it on level 2 of the Dungeon)
 v - an uncursed amulet of magic regeneration
   (You found it on level 4 of the Dungeon)
Scrolls
 e - 5 scrolls of enchant armour
 i - a scroll of teleportation
Potions
 a - a potion of berserk rage
 b - a potion of haste
 d - a potion of curing
 o - a potion of might
 s - a potion of resistance
Comestibles
 c - 3 rations


   Skills:
 + Level 1.1 Fighting
 + Level 1.1 Short Blades
 + Level 1.1 Long Blades
 + Level 1.1 Axes
 + Level 1.1 Maces & Flails
 + Level 1.1 Polearms
 + Level 1.1 Staves
 + Level 1.1 Slings
 + Level 1.1 Bows
 + Level 1.1 Crossbows
 + Level 2.7 Throwing
 + Level 1.1 Armour
 + Level 2.7 Dodging
 + Level 1.1 Stealth
 + Level 1.1 Shields
 + Level 8.5 Unarmed Combat
 + Level 3.0 Spellcasting
 + Level 0.9 Conjurations
 + Level 0.9 Hexes
 + Level 0.9 Charms
 + Level 2.2 Summonings
 + Level 0.9 Necromancy
 + Level 0.9 Translocations
 + Level 0.9 Transmutations
 + Level 0.9 Fire Magic
 + Level 0.9 Ice Magic
 + Level 0.9 Air Magic
 + Level 0.9 Earth Magic
 + Level 2.2 Poison Magic
 + Level 1.2 Invocations
 + Level 2.7 Evocations


You had 9 spell levels left.
You didn't know any spells.

Dungeon Overview and Level Annotations

Branches:
Dungeon (5/15)
 Temple: D:4-7

Altars:
Trog


Innate Abilities, Weirdness & Mutations

Your experience applies equally to all skills.
You have very sharp teeth.
Your uncanny sense of smell can sniff out nearby items.


Message History

As you read the scroll of identify, it crumbles to dust.
t - a potion of degeneration
As you read the scroll of identify, it crumbles to dust.
s - a potion of resistance
As you read the scroll of identify, it crumbles to dust.
o - a potion of might It was a potion of lignification.
You turn into a tree.
Your +1 cloak melds into your body.
Your cursed -2 ring mail melds into your body.
Your roots penetrate the ground.
Wield which item (- for none, * to show all)? (? for menu, Esc to quit)
c - a +0 quarterstaff (weapon)
You swing at nothing.
You swing at nothing.
You swing at nothing.
You swing at nothing.
You swing at nothing.
You swing at nothing.
You swing at nothing.
HP restored.
Adjust (i)tems, (s)pells, or (a)bilities?
Adjust which item? (? for menu, Esc to quit)
f - 3 rations Adjust to which letter? (? for menu, Esc to quit)
c - 3 rations;
f - a +0 quarterstaff (weapon)
Drop what? 21/52 slots (_ for help) (? for menu, Esc to quit)
You drop a +0 robe.
You drop a potion of degeneration.
Wield which item (- for none, * to show all)? (? for menu, Esc to quit)
c - 3 rations (in branch)
You swing at nothing.
Your transformation is almost over.
You swing at nothing.
You swing at nothing.
You swing at nothing.
You swing at nothing.
You swing at nothing.
You feel less wooden.
Your +1 cloak unmelds from your body.
Your cursed -2 ring mail unmelds from your body.
Wield which item (- for none, * to show all)? (? for menu, Esc to quit)
You are now empty-handed.
You open the door.
There is an open door here.
You open the door.
There is an open door here.
You open the door.
There is an open door here.
You open the door.
An adder comes into view.
The adder hisses angrily.
Found 29 stones.
There is an open door here.
You miss the adder. The adder barely misses you.
You miss the adder. You punch the adder. Your bite misses the adder.
The adder is heavily wounded.
The adder bites you but does no damage.
You barely miss the adder.
The adder is heavily wounded.
The adder bites you but does no damage.
You hit the adder. Your bite misses the adder.
The adder is almost dead.
The adder barely misses you. The adder bites you but does no damage.
You hit the adder.
You kill the adder!
You open the door.
There is an open door here.
You see here 29 stones.
Found a robe.
You open the door.
There is an open door here.
You open the door.
There is an open door here.
You open the door.
A frilled lizard comes into view.
There is an open door here.
The frilled lizard hisses angrily.
Found 19 bolts.
You hit the frilled lizard but do no damage.
You closely miss the frilled lizard.
You bite the frilled lizard, but do no damage.
The frilled lizard bites you but does no damage.
You miss the frilled lizard. The frilled lizard closely misses you.
You hit the frilled lizard.
You kill the frilled lizard!
Are you sure you want to abandon this character and quit the game? (Confirm with "yes".)
Okay, then.
Unknown command.
There is an open door here.
There is an open door here.
You see here a robe.
Found a scroll of identify.
You see here a scroll of identify.
As you read the scroll of identify, it crumbles to dust.
l - a +2 dagger of venom
There is an open door here.
Found a ration.
You see here a ration.
You eat the ration.
That ration really hit the spot!
Are you sure you want to abandon this character and quit the game? (Confirm with "yes".)

..#.......#....#..#
..#.......#....#..#
..#.......#....#..#
..#.......#....#..#
..#.......#....#..#
..#.......#....#..#
..#.......#....#..#
..#......(#....#..#
..#.......#....#@.#
..#########....####
### ######


There were no monsters in sight!

Vanquished Creatures
  5 adders
  An ooze (D:2)
  2 worms (D:2)
  2 dart slugs
  An orc (D:4)
  A ball python (D:2)
  A bat (D:3)
  4 giant cockroaches
  A goblin (D:2)
  2 hobgoblins (D:1)
  2 jackals (D:2)
  3 quokkas
  3 frilled lizards
  3 kobolds
  2 rats
33 creatures vanquished.

Notes
Turn   | Place    | Note
-------+----------+-------------------------------------------
     0 | D:1      | tidbits the Gnoll Wanderer began the quest for the Orb.
     0 | D:1      | tidbits set off with: a potion of berserk rage, a potion of haste, a +0 quarterstaff, a potion of curing, a +0 robe, a ration
     0 | D:1      | Reached XP level 1. HP: 13/13 MP: 4/4
    92 | D:1      | Reached skill level 2 in Summonings
    92 | D:1      | Reached skill level 2 in Poison Magic
   174 | D:2      | Found a bloodstained altar of Trog.
   193 | D:2      | Reached XP level 2. HP: 18/19 MP: 5/5
   241 | D:2      | Reached XP level 3. HP: 22/25 MP: 7/7
   438 | D:2      | Reached skill level 1 in Invocations
   483 | D:2      | Reached skill level 1 in Fighting
   483 | D:2      | Reached skill level 1 in Short Blades
   483 | D:2      | Reached skill level 1 in Long Blades
   483 | D:2      | Reached skill level 1 in Axes
   483 | D:2      | Reached skill level 1 in Maces & Flails
   483 | D:2      | Reached skill level 1 in Polearms
   483 | D:2      | Reached skill level 1 in Staves
   483 | D:2      | Reached skill level 1 in Slings
   483 | D:2      | Reached skill level 1 in Bows
   483 | D:2      | Reached skill level 1 in Crossbows
   483 | D:2      | Reached skill level 1 in Armour
   483 | D:2      | Reached skill level 1 in Stealth
   483 | D:2      | Reached skill level 1 in Shields
   483 | D:2      | Reached XP level 4. HP: 15/32 MP: 3/8
   586 | D:3      | Reached skill level 3 in Spellcasting
   609 | D:5      | Entered Level 5 of the Dungeon
   913 | D:4      | Quit the game

Skill      XL: |  1  2  3  4 |
---------------+-------------+-----
Summonings     | 2 |  2.2
Poison Magic   | 2 |  2.2
Invocations    | 1 |  1.2
Fighting       | 1 |  1.1
Short Blades   | 1 |  1.1
Long Blades    | 1 |  1.1
Axes           | 1 |  1.1
Maces & Flails | 1 |  1.1
Polearms       | 1 |  1.1
Staves         | 1 |  1.1
Slings         | 1 |  1.1
Bows           | 1 |  1.1
Crossbows      | 1 |  1.1
Armour         | 1 |  1.1
Stealth        | 1 |  1.1
Shields        | 1 |  1.1
Spellcasting   | 3 |  3.0
Throwing       | |  2.7
Dodging        | |  2.7
Unarmed Combat | |  8.5
Conjurations   | |  0.9
Hexes          | |  0.9
Charms         | |  0.9
Necromancy     | |  0.9
Translocations | |  0.9
Transmutations | |  0.9
Fire Magic     | |  0.9
Ice Magic      | |  0.9
Air Magic      | |  0.9
Earth Magic    | |  0.9
Evocations     | |  2.7

Action                   |  1- 3 |  4- 6 || total
-------------------------+-------+-------++-------
Melee: Unarmed           |    80 |    33 ||   113
       Bite              |     7 |     4 ||    11
       Punch             |       |     1 ||     1
  Use: Scroll            |       |     9 ||     9
       Potion            |       |     1 ||     1
  Eat: Ration            |       |     1 ||     1
Armor: Ring mail         |    15 |    10 ||    25
Dodge: Dodged            |    32 |    14 ||    46

Table legend:
 A = Turns spent in this place as a percentage of turns spent in the entire game.
 B = Non-inter-level travel turns spent in this place as a percentage of non-inter-level travel turns spent in the entire game.
 C = Inter-level travel turns spent in this place as a percentage of turns spent in this place.
 D = Turns resting spent in this place as a percentage of non-inter-level travel turns spent in this place.
 E = Turns spent auto-exploring this place as a percentage of non-inter-level travel turns spent in this place.
 F = Non-inter-level travel turns spent in this place divided by the number of levels of this place that you've seen.
                   A       B       C       D       E      F
               +-------+-------+-------+-------+-------+----------------------
         Total | 100.0 | 100.0 |   3.2 |   0.0 |   0.0 | 176.8
       Dungeon | 100.0 | 100.0 |   3.2 |   0.0 |   0.0 | 176.8
               +-------+-------+-------+-------+-------+----------------------

Table legend:
 A = Kills in this place as a percentage of kills in entire the game.
 B = Kills by you in this place as a percentage of kills by you in the entire game.
 C = Kills by friends in this place as a percentage of kills by friends in the entire game.
 D = Other kills in this place as a percentage of other kills in the entire game.
 E = Experience gained in this place as a percentage of experience gained in the entire game.
 F = Experience gained in this place divided by the number of levels of this place that you have seen.
                   A       B       C       D       E      F
               +-------+-------+-------+-------+-------+----------------------
         Total | 100.0 | 100.0 |   N/A |   N/A | 100.0 |  26.0
       Dungeon | 100.0 | 100.0 |   N/A |   N/A | 100.0 |  26.0
               +-------+-------+-------+-------+-------+----------------------

Vault maps used:
D:1:      dpeg_arrival_orchard, minmay_tromino_v4_c
D:2:      bloody_trog
D:4:      first_ration, uniq_pikel
D:5:      marbit_many_paths, minmay_temple_entry_grid, enter_ossuary_2,
          uniq_duvessa
